 Dungeon Crawl Stone Soup version 0.24-a0-458-gfcb5e6da0e (webtiles) character file.

Game seed: 15800667401849106875

247 Ijustatesigmund the Skirmisher (level 6, -2/68 HPs)
             Began as an Ogre Hunter on June 26, 2019.
             Slain by a goblin
             ... wielding a +0 dagger
              (4 damage)
             ... on level 3 of the Dungeon.
             The game lasted 00:05:48 (3018 turns).

Ijustatesigmund the Skirmisher (Ogre Hunter)        Turns: 3018, Time: 00:05:49

Health: -2/68      AC:  3    Str: 16 (17) XL:     6   Next: 11%
Magic:  6/6        EV: 10    Int: 14 (15) God:
Gold:   141        SH:  0    Dex:  7 (9)  Spells: 5/5 levels left

rFire    . . .     SeeInvis .   a - +0 giant club
rCold    . . .     Gourm    .   (shield currently unavailable)
rNeg     . . .     Faith    .   b - +0 robe
rPois    .         Spirit   .   (helmet restricted)
rElec    .         Reflect  .   (no cloak)
rCorr    .         Harm     .   (gloves unavailable)
MR       .....                  (boots unavailable)
Stlth    +.........             e - amulet of the acrobat
HPRegen  0.21/turn              (no ring)
MPRegen  0.10/turn              (no ring)

@: brilliant, slowed, very slow
A: large, unfitting armour, clumsy 1, dopey 1, mutation resistance 1, tough skin
1
a: no special abilities


You were on level 3 of the Dungeon.
You were very hungry.

You visited 1 branch of the dungeon, and saw 3 of its levels.

You collected 141 gold pieces.

Inventory:

Hand Weapons
 a - a +0 giant club (weapon)
Missiles
 d - 2 throwing nets (quivered)
Armour
 b - a +0 robe (worn)
 l - a +0 large shield
Jewellery
 e - an amulet of the acrobat (around neck)
Potions
 h - a potion of cancellation
 j - a potion of haste {unknown}
 n - a potion of brilliance
 p - 2 potions of mutation
Comestibles
 f - 9 rations


   Skills:
 + Level 6.3 Fighting
 * Level 3.3 Maces & Flails
 - Level 4.0 Throwing
 - Level 1.7 Dodging
 - Level 0.6 Stealth


You had 5 spell levels left.
You didn't know any spells.
Your spell library was empty.

Dungeon Overview and Level Annotations

Branches:
Dungeon (3/15)

Altars:
Vehumet
Wu Jian


Innate Abilities, Weirdness & Mutations

You are too large for most types of armour.
You have tough skin. (AC +1)
You are clumsy. (Dex -2)
You are dopey. (Int -2)
You are somewhat resistant to further mutation.


Message History

The goblin hits you with a +0 dagger.
* * * LOW HITPOINT WARNING * * *
The orc closely misses you. The jackal barely misses you.
You sock the orc!
You kill the orc!
The jackal closely misses you. The goblin closely misses you. The orc hits you.
* * * LOW HITPOINT WARNING * * *
The jackal bites you.
* * * LOW HITPOINT WARNING * * *
The goblin barely misses you. The orc closely misses you.
The jackal barely misses you.
You closely miss the jackal.
You feel a little less agile now.
The jackal bites you but does no damage.
The goblin hits you with a +0 dagger.
* * * LOW HITPOINT WARNING * * *
The orc hits you.
* * * LOW HITPOINT WARNING * * *
The jackal closely misses you. The goblin hits you with a +0 dagger.
You die...

######## #......#
################### #......#
..................## #......#
...(.......######..####......#
...(.((....))).o)†..>(..>....#
...o.####..###(h@)..##.......#
##...# #..# #.g....##.......#
#...# #..# #.....(.#..)....#
#..## #..# #.....#.#..##+###
#.o# #................#.# Po.'
#.###########.#..#.# .g.o# #.#
#........#.# ##..# #.
#.####...#.# #... #.####...#.#


You could see an orc, a jackal and a goblin.

Vanquished Creatures
  An ogre (D:3)
  An orc wizard (D:3)
  Robin (D:2)
  4 gnolls (D:2)
  2 adders
  3 dart slugs
  2 leopard geckos (D:2)
  3 orcs (D:3)
  15 goblins
  8 hobgoblins
  5 jackals
  7 bats
  A frilled lizard (D:1)
  5 kobolds
  4 rats
62 creatures vanquished.

Vanquished Creatures (others)
  A worm (D:2)
  A hobgoblin (D:2)
2 creatures vanquished.

Grand Total: 64 creatures vanquished

Notes
Turn   | Place    | Note
-------+----------+-------------------------------------------
     0 | D:1      | Ijustatesigmund the Ogre Hunter began the quest for the
                  | Orb.
     0 | D:1      | Reached XP level 1. HP: 22/22 MP: 1/1
    71 | D:1      | Reached skill level 3 in Fighting
   271 | D:1      | Reached XP level 2. HP: 32/32 MP: 2/2
   548 | D:1      | Reached skill level 4 in Fighting
  1228 | D:2      | Reached XP level 3. HP: 27/39 MP: 3/3
  1248 | D:2      | Reached skill level 1 in Maces & Flails
  1781 | D:2      | Found an ornate altar of the Wu Jian Council.
  1828 | D:2      | Reached XP level 4. HP: 49/49 MP: 4/4
  1829 | D:2      | Reached skill level 5 in Fighting
  2017 | D:2      | Found a radiant altar of Vehumet.
  2502 | D:2      | Noticed Robin
  2514 | D:2      | Killed Robin
  2806 | D:3      | Reached XP level 5. HP: 57/57 MP: 5/5
  2923 | D:3      | Noticed an ogre
  2926 | D:3      | Killed an ogre
  2926 | D:3      | Reached skill level 6 in Fighting
  3008 | D:3      | Reached XP level 6. HP: 23/68 MP: 6/6
  3009 | D:3      | Gained mutation: You are clumsy. (Dex -2) [potion of
                  | mutation]
  3009 | D:3      | Gained mutation: You are dopey. (Int -2) [potion of
                  | mutation]
  3009 | D:3      | Gained mutation: You are somewhat resistant to further
                  | mutation. [potion of mutation]
  3018 | D:3      | HP: 2/68 [orc (5)]
  3018 | D:3      | Slain by a goblin

Levels and vault maps discovered:
D:1:      dpeg_arrival_leaves_temple_mockup, layout_loops_ring,
          serial_park_tiny_1
D:2:      layout_basic, fiery_altar_vehumet, lemuel_crystal_altar, first_ration,
          kennysheep_generic_room_6, uniq_robin
D:3:      corexii_shack_village, layout_basic, portal_sewer_entry_b,
          uniq_terence

Skill      XL: |  1  2  3  4  5 |
---------------+----------------+-----
Fighting       | 3 4 5 6 |  6.3
Maces & Flails | 1 2 3 |  3.3
Throwing       | |  4.0
Dodging        | |  1.7
Stealth        | |  0.6

Action                   |  1- 3 |  4- 6 || total
-------------------------+-------+-------++-------
Melee: Short sword       |    42 |       ||    42
       Mace              |    93 |    64 ||   157
       Giant club        |       |    20 ||    20
Throw: Large rock        |     6 |    11 ||    17
  Use: Scroll            |     2 |     3 ||     5
       Potion            |       |     8 ||     8
 Stab: Sleeping          |     2 |     2 ||     4
       Invisible         |       |     1 ||     1
  Eat: Chunk             |     3 |     3 ||     6
Armor: Robe              |    35 |    25 ||    60
Dodge: Dodged            |    60 |   103 ||   163
Block: Large shield      |    43 |    39 ||    82

Table legend:
 A = Non-vault XP
 B = Vault XP
 C = Vault XP percentage of total XP
 D = Non-vault monster count
 E = Vault monster count
 F = Vault count percentage of total count
                 A         B        C        D         E       F
            +---------+---------+-------+---------+---------+-------
      Total |     322 |      31 |   8.8 |      53 |       9 |  14.5
            +---------+---------+-------+---------+---------+-------
        D:1 |      27 |       0 |   0.0 |      17 |       0 |   0.0
        D:2 |     108 |      29 |  21.2 |      22 |       8 |  26.7
        D:3 |     187 |       2 |   1.1 |      14 |       1 |   6.7
            +---------+---------+-------+---------+---------+-------
